Map: Lightshade LE

Players

MissFanta (ThuocLao)

  • Race: Protoss Protoss
  • League: Grandmaster
  • Spawn Location: 11:00

Azure - Winner!

  • Race: Terran Terran
  • League: Grandmaster
  • Spawn Location: 5:00

Event: DreamHack SC2 Masters 2020 Winter

VOD

Have the link to the VOD?

Description

Time

  • Played on: Oct. 15, 2020, 11:53 p.m.
  • Length: 12:49

All games in this series

Show
View Real Time Build Order
Export as new Build Order

MissFanta Protoss 

Build Orders: Dark Templar Rush 

Get SALT Encoding   

  12  0:00  Probe  
  13  0:12  Probe  
  14  0:17  Pylon  
  14  0:24  Probe  
  15  0:36  Gateway, Probe (Chrono Boost)  
  16  0:44  Assimilator  
  16  0:48  Probe (Chrono Boost)  
  17  0:53  Probe (Chrono Boost)  
  18  1:03  Probe  
  19  1:15  Probe  
  20  1:23  Cybernetics Core  
  20  1:26  Assimilator  
  20  1:27  Probe  
  21  1:35  Pylon  
  21  1:39  Probe  
  22  1:51  Probe  
  23  1:55  Nexus  
  23  2:02  Warp Gate  
  23  2:03  Probe  
  23  2:07  Stalker (Chrono Boost)  
  27  2:15  Probe  
  27  2:25  Pylon  
  27  2:29  Twilight Council  
  27  2:36  Stalker  
  29  2:42  Probe  
  30  2:57  Probe  
  31  3:08  Dark Shrine  
  31  3:09  Probe  
  32  3:15  Probe  
  32  3:17  Stalker  
  34  3:21  Probe  
  34  3:22  Gateway  
  34  3:27  Gateway  
  35  3:31  Probe  
  35  3:33  Probe  
  37  3:39  Robotics Facility  
  37  3:43  Probe  
  38  3:51  Probe  
  38  3:53  Assimilator  
  38  3:54  Pylon  
  39  3:57  Stalker  
  39  3:59  Probe  
  42  4:04  Probe  
  43  4:11  Probe  
  43  4:14  Assimilator  
  43  4:16  Probe  
  45  4:21  Stalker  
  45  4:22  Dark Templar  
  44  4:46  Probe x2 (Chrono Boost)  
  44  4:49  Blink (Chrono Boost)  
  46  4:56  Probe (Chrono Boost)  
  46  4:57  Probe (Chrono Boost)  
  48  5:01  Probe x2 (Chrono Boost)  
  48  5:05  Observer  
  51  5:12  Probe x2  
  51  5:13  Stalker  
  51  5:14  Stalker  
  54  5:24  Probe x2  
  56  5:36  Gateway, Probe  
  56  5:37  Gateway, Probe  
  58  5:47  Robotics Bay  
  58  5:48  Probe  
  58  5:49  Observer, Probe  
  60  5:52  Shield Battery  
  60  6:01  Pylon, Probe x2  
  62  6:05  Pylon  
  62  6:19  Observer (Chrono Boost), Probe  
  62  6:20  Probe  
  62  6:22  Nexus  
  62  6:24  Pylon  
  65  6:31  Probe  
  65  6:32  Probe  
  67  6:33  Extended Thermal Lance (Chrono Boost)  
  67  6:37  Colossus (Chrono Boost)  
  67  6:38  Sentry x2  
  77  6:43  Probe  
  78  6:50  Probe  
  78  6:51  Gateway  
  78  6:52  Charge (Chrono Boost)  
  78  6:54  Gateway  
  79  7:00  Probe  
  79  7:04  Probe  
  80  7:10  Zealot x3  
  86  7:16  Pylon  
  86  7:17  Pylon  
  86  7:22  Pylon  
  86  7:26  Pylon  
  86  7:28  Templar Archives  
  86  7:31  Colossus (Chrono Boost)  
  86  7:34  Probe x2  
  92  7:44  Sentry x2  
  92  7:46  Zealot, Probe x2  
  92  7:47  Zealot  
  102  7:58  Probe  
  103  8:02  Zealot  
  103  8:03  Zealot x2  
  109  8:06  Probe x2  
  109  8:08  Pylon  
  109  8:09  Shield Battery  
  111  8:13  Disruptor (Chrono Boost), Zealot x2  
  111  8:19  Zealot x2  
  98  8:30  Zealot  
  98  8:31  Zealot x2  
  85  8:38  Zealot x2  
  81  8:44  Psionic Storm  
  81  8:47  Stalker x2  
  85  8:51  Disruptor  
  85  8:53  Probe x2  
  88  9:03  Dark Templar x2  
  88  9:05  Zealot x3  
  88  9:07  Archon  
  88  9:09  Probe  
  99  9:13  Probe  
  100  9:19  Gateway x2, Probe  
  100  9:21  Pylon  
  100  9:23  Forge  
  101  9:24  Sentry x2  
  101  9:25  Forge  
  101  9:28  Probe  
  106  9:31  Assimilator  
  106  9:35  Assimilator  
  106  9:37  Disruptor (Chrono Boost)  
  109  9:48  Dark Templar  
  109  9:49  Zealot x2  
  109  9:50  Zealot x2  
  109  9:52  Pylon  
  106  10:00  Pylon, Zealot x2  
  90  10:15  Stalker  
  90  10:16  Stalker x5  
  90  10:19  Protoss Ground Weapons Level 1 (Chrono Boost), Protoss Ground Armor Level 1 (Chrono Boost)  
  90  10:20  Warp Prism (Chrono Boost)  
  104  10:28  Pylon  
  104  10:30  Probe x2  
  106  10:40  Nexus  
  106  10:43  Pylon  
  106  10:49  Stalker x2  
  110  10:56  Observer  
  111  10:58  Stalker  
  111  10:59  Stalker x2  
  110  11:13  Zealot x5  
  110  11:17  Probe  
  121  11:18  Photon Cannon  
  121  11:29  Probe  
  121  11:32  Probe  
  123  11:35  High Templar x2  
  123  11:36  High Templar  
  123  11:39  Stalker x2  
  133  11:40  Stalker  
  134  11:48  Stalker x2  
  136  12:04  Dark Templar  
  136  12:05  Zealot x2  
  103  12:17  Zealot x3  
  103  12:18  Zealot x2  
  90  12:27  Zealot x2  
Show
View Real Time Build Order
Export as new Build Order

Azure Terran - Winner!

Build Orders: Reaper Expand 

Get SALT Encoding   

  12  0:00  SCV  
  13  0:12  SCV  
  14  0:17  Supply Depot  
  14  0:24  SCV  
  15  0:38  SCV  
  15  0:40  Barracks  
  16  0:43  Refinery  
  16  0:51  SCV  
  17  1:03  SCV  
  18  1:15  SCV  
  19  1:28  Reaper  
  19  1:29  Orbital Command  
  20  1:44  Command Center  
  20  1:56  SCV  
  20  2:00  Marine  
  22  2:05  Supply Depot  
  22  2:08  SCV  
  23  2:11  Factory  
  23  2:20  Barracks Reactor  
  23  2:25  Bunker  
  23  2:26  SCV  
  24  2:31  Refinery  
  24  2:39  SCV  
  25  2:51  SCV  
  26  2:57  Starport  
  26  3:02  Orbital Command  
  26  3:04  Hellion  
  29  3:07  Hellion  
  29  3:11  SCV  
  31  3:23  Barracks Tech Lab, SCV  
  31  3:26  Hellion  
  34  3:28  SCV, Hellion  
  37  3:34  Medivac  
  37  3:36  SCV  
  37  3:39  Supply Depot  
  37  3:40  SCV  
  41  3:48  SCV  
  42  3:54  SCV  
  43  3:56  Marine x2  
  43  4:00  SCV  
  43  4:02  Siege Tank  
  49  4:06  Supply Depot, SCV  
  50  4:12  SCV  
  50  4:14  Marine x2  
  53  4:19  SCV  
  53  4:23  Engineering Bay  
  54  4:24  Engineering Bay  
  54  4:28  SCV  
  54  4:31  SCV  
  54  4:32  Marine x2  
  54  4:36  Siege Tank  
  57  4:40  SCV  
  57  4:43  SCV  
  59  4:48  Supply Depot  
  59  4:50  Marine x2  
  59  4:51  Barracks  
  59  4:52  SCV  
  62  4:56  Missile Turret  
  62  5:05  Barracks  
  62  5:07  Missile Turret  
  62  5:09  Marine x2, SCV x2  
  66  5:20  Siege Tank  
  69  5:21  SCV  
  69  5:24  Starport Reactor  
  69  5:25  Refinery  
  70  5:28  Supply Depot  
  70  5:38  Supply Depot, SCV  
  70  5:39  Supply Depot  
  70  5:41  Refinery  
  70  5:42  Barracks Tech Lab  
  70  5:48  Supply Depot  
  70  5:50  Marine x2, SCV x2  
  70  5:51  Supply Depot  
  70  5:52  Siege Tank  
  70  5:56  Barracks Tech Lab  
  77  6:03  Command Center  
  77  6:08  Terran Infantry Weapons Level 1  
  77  6:09  SCV, Terran Infantry Armor Level 1  
  77  6:10  SCV  
  79  6:16  Marine  
  79  6:17  Marine, Marauder  
  85  6:19  Combat Shield, Stimpack  
  85  6:25  Marauder  
  85  6:27  SCV  
  85  6:30  SCV  
  85  6:32  Medivac, Supply Depot  
  89  6:37  Marine x2  
  89  6:39  Medivac  
  93  6:42  SCV  
  93  6:51  Marauder x2  
  97  6:55  SCV  
  98  7:02  Medivac  
  98  7:03  Barracks  
  98  7:04  Supply Depot x2, Marine x2  
  98  7:05  Barracks  
  102  7:09  Medivac  
  102  7:12  Marauder  
  105  7:17  Orbital Command  
  105  7:20  Marauder  
  107  7:24  Marine x2  
  107  7:29  Supply Depot  
  109  7:30  Armory, SCV  
  109  7:34  Marauder, Missile Turret  
  112  7:41  Marauder  
  112  7:42  Marine x2  
  119  7:46  SCV  
  120  7:53  Barracks Tech Lab, Barracks Reactor  
  120  7:54  Medivac x2  
  120  7:55  Marauder, Orbital Command  
  123  7:59  Concussive Shells  
  123  8:01  SCV, Marine x2  
  123  8:02  Marauder  
  128  8:07  SCV  
  128  8:08  Missile Turret  
  129  8:17  Marauder  
  129  8:19  Siege Tank, Marine x2  
  135  8:20  Marauder  
  135  8:23  Marine  
  121  8:37  Marine x2  
  121  8:40  Medivac  
  121  8:41  Medivac, Marine x2  
  117  8:49  Marine x2, Marauder  
  117  8:50  SCV x2  
  117  8:51  SCV, Siege Tank  
  117  8:55  Marine x2  
  128  9:02  Terran Infantry Weapons Level 2  
  129  9:04  SCV  
  129  9:06  SCV, Refinery  
  129  9:07  SCV, Refinery, Marauder  
  134  9:10  Marine x2  
  134  9:16  SCV, Marine  
  138  9:17  Supply Depot, Marine x2  
  138  9:24  Viking  
  142  9:28  Marine x2  
  142  9:29  SCV  
  147  9:33  Terran Infantry Armor Level 2  
  147  9:34  Marine  
  147  9:35  Terran Ship Weapons Level 1  
  146  9:42  Supply Depot  
  146  9:43  Marine, Sensor Tower  
  146  9:44  Marine x2, Marauder  
  151  9:49  Marine  
  151  9:59  Marine x2  
  144  10:02  Marauder x2  
  144  10:04  Marine  
  144  10:05  Marauder  
  132  10:07  Marine  
  132  10:10  Siege Tank  
  132  10:12  Viking x2  
  132  10:13  SCV  
  134  10:16  Supply Depot  
  134  10:17  Marine x2  
  136  10:25  Starport, Marine x2  
  136  10:26  Marauder  
  136  10:28  Marine  
  140  10:29  Marauder  
  140  10:35  Marine x2  
  145  10:41  Supply Depot  
  145  10:42  Viking x2  
  149  10:43  Marine x2, Supply Depot  
  149  10:44  Siege Tank  
  154  10:50  Marine x2  
  154  10:51  Marauder  
  154  10:52  Marine  
  159  11:08  Marine x2  
  159  11:09  Marauder  
  159  11:11  Marine x2  
  159  11:12  Viking x2  
  159  11:13  Starport Reactor  
  159  11:16  Marauder  
  159  11:17  Command Center  
  167  11:23  Siege Tank  
  168  11:26  Marine x2  
  168  11:30  Marine  
  168  11:31  Marauder  
  175  11:34  Marine  
  175  11:39  Marine  
  177  11:40  Marauder  
  177  11:44  Marine  
  178  11:50  Marine x2  
  178  11:52  Marauder  
  182  11:55  Siege Tank  
  182  11:59  Marine  
  182  12:00  Marauder, Marine  
  167  12:19  Marine x3, Marauder  
  165  12:23  Marine  
  165  12:24  Marauder  
  165  12:26  Marauder  
  167  12:30  Barracks, Ghost Academy  
  167  12:31  Barracks  
  167  12:32  Barracks  
Tags
 
Add a new tag
Caveats
  • Supply blocks, unpowered buildings, or Contaminate may cause inaccurate times.
  • Supply counts are checked every 10 seconds.